 Dungeon Crawl Stone Soup version 0.29-a0-994-gc5c9f59d18 (webtiles) character file.

Game seed: 1070939054512803111

221 Sobieck the Poker (level 5, 0/42 HPs)
             Began as a Merfolk Abyssal Knight on Aug 3, 2022.
             Was a Priest of Lugonu.
             Slain by an orc
             ... wielding a +0 dagger
              (4 damage)
             ... on level 3 of the Dungeon.
             The game lasted 00:07:16 (3024 turns).

Sobieck the Poker (Merfolk Abyssal Knight)          Turns: 3024, Time: 00:07:16

Health: 0/42       AC:  3    Str: 15    XL:     5   Next: 98%
Magic:  7/7        EV: 13    Int:  9    God:    Lugonu [***...]
Gold:   205        SH:  0    Dex: 15    Spells: 4/4 levels left

rFire   . . .      SeeInvis .   a - +0 trident (vorpal) {polearm}
rCold   . . .      Faith    .   (no shield)
rNeg    . . .      Spirit   .   b - +0 leather armour
rPois   .          Reflect  .   (no helmet)
rElec   .          Harm     .   (no cloak)
rCorr   .          Rampage  .   (no gloves)
Will    .....                   (no boots)
Stlth   ++........              (no amulet)
HPRegen 0.14/turn               (no ring)
MPRegen 0.10/turn               (no ring)

@: no status effects
A: (nimble swimmer 2), mertail
a: Renounce Religion, Depart the Abyss, Bend Space, Banish


You were on level 3 of the Dungeon.
You worshipped Lugonu.
Lugonu was most pleased with you.
You visited 1 branch of the dungeon, and saw 4 of its levels.
You visited the Abyss 1 time.

You collected 205 gold pieces.


Innate Abilities, Weirdness & Mutations

((You are very nimble when in or above water. (Stealth+, EV+, Speed+++)))
Your lower body shifts to a powerful aquatic tail in water.


   Skills:
 + Level 4.0 Fighting
 * Level 4.8 Polearms
 + Level 1.6 Armour
 + Level 3.7 Dodging
 + Level 2.2 Stealth
 + Level 3.0 Invocations


You had 4 spell levels left.
You didn't know any spells.
Your spell library contained the following spells:

 Spells                   Type           Power      Damage    Failure   Level
 Borgnjor's Revivificati  Necr           0%         N/A       100%        8
 Necromutation            Tmut/Necr      0%         N/A       100%        8
 Death's Door             Necr           0%         N/A       100%        9

Inventory:

Hand Weapons
 a - a +0 vorpal trident (weapon) {polearm}
   (You took it off an orc on level 3 of the Dungeon)
 m - a +1 spear of venom {polearm}
   (You found it on level 1 of the Dungeon)
 p - a +1 spear of venom {polearm}
Missiles
 f - a throwing net {=f!fthrowing}
 g - 28 stones {throwing}
 x - 4 poisoned darts {throwing}
Armour
 b - a +0 leather armour (worn)
 c - a +0 leather armour
   (You took it off an orc on level 3 of the Dungeon)
 d - a +0 leather armour
   (You found it on level 1 of the Dungeon)
 e - a +0 chain mail
   (You took it off an orc priest on level 3 of the Dungeon)
 k - a +0 ring mail
   (You found it on level 1 of the Dungeon)
 n - a +0 ring mail
   (You found it on level 2 of the Dungeon)
 s - a +0 chain mail
   (You found it on level 2 of the Dungeon)
 t - a +0 robe
   (You found it on level 2 of the Dungeon)
 w - a +0 robe
   (You found it on level 2 of the Dungeon)
 y - a +0 ring mail
   (You found it on level 3 of the Dungeon)
 z - a +0 robe
   (You found it on level 2 of the Dungeon)
 A - a +0 ring mail
   (You found it on level 2 of the Dungeon)
 B - a +0 robe
   (You found it on level 2 of the Dungeon)
 C - a +0 ring mail
   (You found it on level 2 of the Dungeon)
Magical Staves
 q - a staff of air {!astaff}
   (You found it on level 2 of the Dungeon)
Wands
 F - a wand of flame (24)
   (You found it on level 3 of the Dungeon)
Scrolls
 l - a scroll of brand weapon
 o - a scroll of teleportation {unknown}
 E - a scroll of immolation {!r!r}
Potions
 h - 3 potions of curing {@q1}
 i - a potion of attraction {unknown}
 j - a potion of degeneration {unknown}
 r - a potion of flight {unknown}
 u - 2 potions of mutation {unknown}
 v - a potion of invisibility {unknown}
 D - a potion of brilliance {unknown}

Dungeon Overview and Level Annotations

Branches:
Dungeon (4/15) Zot: 21152
 Temple: D:4-7

Altars:
Dithmenos

Shops:
D:3

[ #.###...### ##.## ##..# ##.#
#.#.......###.#.####...# #.#
#.........##..........## ##.#
###.......##.....##...#####...
###.........................
#...####.....#♣~.######...
##.## ##...##~~~# #.....
##.#######.###P♣~## #.####
#.......o@B# #~.~.# #.# #
#..######### #.~..###.# #
######..### ##....##.####
#.........# #..##.#..##.#
#.#######.# #..#.##..#.## #.#
#.# ###....##.... #.# #.#
#.#.##..#.##. #.# #.#
##..##.#..##. #.# #.#
####....##....


You could see an orc and a giant cockroach.


Message History

Lugonu accepts your kill. Something you can't see is in the way.
You hit something.
A giant cockroach comes into view.
You hear some strange, mumbled words.
A magic dart appears from out of thin air!
The magic dart hits you.
Danger!
You completely miss the orc. The orc barely misses you. Something hits you.
You hit the orc. The orc hits you with a +0 dagger.
A goblin comes into view. It is wielding a +0 club.
Something hits you.
Unknown command.
You hit the orc but do no damage. The orc hits you with a +0 dagger.
You hear some strange, mumbled words.
You are confused.
The giant cockroach attacks as you move away!
The giant cockroach misses you. The orc misses you.
Something barely misses you.
The giant cockroach attacks as you move away!
The giant cockroach barely misses you. The orc barely misses you.
Unknown command.
You're too confused to move!
The orc closely misses you. The giant cockroach barely misses you.
Something hits you.
You barely miss the giant cockroach. The giant cockroach barely misses you.
The orc barely misses you. Something hits you.
Unknown command.
You hit the orc. The giant cockroach bites you. The orc closely misses you.
Something hits you. The giant cockroach barely misses you.
Unknown command.
You bump into the rock wall.
You feel less confused. The orc hits you with a +0 dagger.
* * * LOW HITPOINT WARNING * * *
Something hits you.
* * * LOW HITPOINT WARNING * * *
The giant cockroach bites you but does no damage.
Unknown command.
You miss something. The orc closely misses you.
Something hits you but does no damage.
The giant cockroach waves its antennae.
The giant cockroach bites you but does no damage.
You closely miss something. The giant cockroach bites you.
* * * LOW HITPOINT WARNING * * *
The orc hits you with a +0 dagger.
* * * LOW HITPOINT WARNING * * *
Something hits you.
* * * LOW HITPOINT WARNING * * *
The giant cockroach barely misses you.
You hit something. Lugonu accepts your kill.
Reactivating autopickup.
You feel a bit more experienced. The orc hits you but does no damage.
The giant cockroach bites you.
* * * LOW HITPOINT WARNING * * *
The orc hits you with a +0 dagger.
* * * LOW HITPOINT WARNING * * *
The goblin hits you with a +0 club.
* * * LOW HITPOINT WARNING * * *
Your Fighting skill increases to level 4!
Unknown command.
You barely miss the orc. The giant cockroach closely misses you.
The orc misses you. The goblin closely misses you.
Unknown command.
The giant cockroach attacks as you move away!
The giant cockroach completely misses you.
The goblin attacks as you move away! The goblin hits you with a +0 club.
* * * LOW HITPOINT WARNING * * *
The giant cockroach attacks as you move away!
The giant cockroach bites you.
* * * LOW HITPOINT WARNING * * *
The orc attacks as you move away! The orc closely misses you.
Unknown command.
Okay, then.
The orc attacks as you move away! The orc hits you but does no damage.
The giant cockroach bites you but does no damage.
The giant cockroach attacks as you move away!
The giant cockroach closely misses you. The orc attacks as you move away!
The orc hits you but does no damage.
The giant cockroach attacks as you move away!
The giant cockroach closely misses you. The orc attacks as you move away!
The orc hits you but does no damage.
The giant cockroach bites you but does no damage.
You hear the slow hiss of a distant avalanche of sand.
The giant cockroach attacks as you move away!
The giant cockroach bites you but does no damage.
There is a stone staircase leading up here.
Unknown command.
The giant cockroach bites you but does no damage.
The orc hits you with a +0 dagger.
* * * LOW HITPOINT WARNING * * *
You climb upwards.
There is a stone staircase leading down here.
Unknown command.
You barely miss the orc. The giant cockroach barely misses you.
The orc completely misses you. The giant cockroach barely misses you.
Unknown command.
You barely miss the orc. The giant cockroach closely misses you.
The orc hits you with a +0 dagger.
You die...

Skill      XL: |  1  2  3  4  5 |
---------------+----------------+-----
Polearms       | 3 4 |  4.8
Dodging        | 3 |  3.7
Armour         | 1 |  1.6
Stealth        | 1 2 |  2.2
Invocations    | 3 |  3.0
Fighting       | 4 |  4.0

Action                   |  1- 3 |  4- 6 || total
-------------------------+-------+-------++-------
Melee: Spear             |    78 |    75 ||   153
       Trident           |       |    31 ||    31
Invok: Depart the Abyss  |     1 |       ||     1
  Use: Scroll            |       |    10 ||    10
 Stab: Sleeping          |     5 |     8 ||    13
       Distracted        |       |     1 ||     1
Armor: Leather armour    |    12 |    18 ||    30
Dodge: Dodged            |    30 |    50 ||    80

Levels and vault maps discovered:
D:1:      nzn_arrival_settlement, layout_rooms
D:2:      layout_loops_cross, dreamdust_ecumenical_altar_drowned_temple,
          basic_altar, minmay_ruptured
D:3:      layout_loops_ring, serial_shops, shop, nicolae_eternal_life,
          st_stairs_8, serial_bayou_pond_e
D:4:      layout_cave_pods, enter_ossuary_5, serial_shops, shop

Notes
Turn   | Place    | Note
-------+----------+-------------------------------------------
     0 | Abyss:1  | Sobieck the Merfolk Abyssal Knight began the quest for the
                  | Orb.
     0 | Abyss:1  | Reached XP level 1. HP: 18/18 MP: 2/2
    12 | Abyss:1  | Noticed a cyclops
    12 | Abyss:1  | Noticed a worldbinder
    12 | Abyss:1  | Noticed a water nymph
    12 | Abyss:1  | Noticed a sky beast
    12 | Abyss:1  | Noticed a tentacled monstrosity
    12 | Abyss:1  | Noticed a ynoxinul
    14 | Abyss:1  | Noticed a starcursed mass
    16 | Abyss:1  | Noticed a tentacled starspawn
    17 | Abyss:1  | Noticed an ancient zyme
    18 | Abyss:1  | Found a corrupted altar of Lugonu.
    18 | Abyss:1  | Noticed a chaos spawn
    18 | Abyss:1  | Noticed an apocalypse crab
    18 | Abyss:1  | Noticed a starcursed mass
    18 | Abyss:1  | Noticed an ancient zyme
    56 | Abyss:1  | Found a corrupted altar of Lugonu.
    56 | Abyss:1  | Found a hazy altar of Hepliaklqana.
   120 | Abyss:1  | Noticed a tentacled starspawn
   159 | D:1      | You pass through the gate.
   159 | D:1      | Escaped the Abyss
   385 | D:1      | Reached ** piety under Lugonu
   415 | D:1      | Reached skill level 3 in Polearms
   415 | D:1      | Reached XP level 2. HP: 21/24 MP: 3/3
   420 | D:1      | Reached skill level 3 in Dodging
   669 | D:1      | Reached XP level 3. HP: 18/29 MP: 4/4
   817 | D:1      | Reached skill level 1 in Armour
   946 | D:1      | You add the spells Borgnjor's Revivification, Necromutation
                  | and Death's Door to your library.
  1008 | D:2      | Found a shadowy altar of Dithmenos.
  1021 | D:1      | Reached skill level 1 in Stealth
  1305 | D:2      | Reached XP level 4. HP: 37/37 MP: 5/5
  1452 | D:2      | Reached skill level 4 in Polearms
  1513 | D:2      | Reached *** piety under Lugonu
  1700 | D:2      | Found a faded altar of an unknown god.
  1708 | D:2      | Reached XP level 5. HP: 27/42 MP: 5/7
  2093 | D:3      | Reached skill level 2 in Stealth
  2397 | D:3      | Found Gusifo's Armour Emporium.
  2961 | D:4      | Reached skill level 3 in Invocations
  3009 | D:4      | HP: 9/42 [goblin/+0 club (2)]
  3010 | D:4      | Reached skill level 4 in Fighting
  3021 | D:4      | HP: 4/42 [orc/+0 dagger (3)]
  3024 | D:3      | Slain by an orc

Vanquished Creatures
  An orc priest (D:3)
  An orc wizard (D:4)
  4 gnolls (D:2)
  4 adders
  2 worms
  5 dart slugs
  7 orcs
  3 bats
  5 endoplasms
  A giant cockroach (D:2)
  A goblin (D:2)
  6 hobgoblins
  3 jackals (D:1)
  5 quokkas
  8 ball pythons
  2 frilled lizards (D:2)
  7 kobolds
  8 rats
  A spectral goblin (D:2)
74 creatures vanquished.

Table legend:
 A = Non-vault XP
 B = Vault XP
 C = Vault XP percentage of total XP
 D = Non-vault monster count
 E = Vault monster count
 F = Vault count percentage of total count
                 A         B        C        D         E       F
            +---------+---------+-------+---------+---------+-------
      Total |     297 |      20 |   6.3 |      69 |       5 |   6.8
            +---------+---------+-------+---------+---------+-------
        D:1 |      36 |      13 |  26.5 |      18 |       1 |   5.3
        D:2 |     128 |       4 |   3.0 |      30 |       3 |   9.1
        D:3 |      88 |       3 |   3.3 |      16 |       1 |   5.9
        D:4 |      45 |       0 |   0.0 |       5 |       0 |   0.0
            +---------+---------+-------+---------+---------+-------

Illustrated notes

Table legend:
 A = Kills in this place as a percentage of kills in entire the game.
 B = Kills by you in this place as a percentage of kills by you in the entire game.
 C = Kills by friends in this place as a percentage of kills by friends in the entire game.
 D = Other kills in this place as a percentage of other kills in the entire game.
 E = Experience gained in this place as a percentage of experience gained in the entire game.
 F = Experience gained in this place divided by the number of levels of this place that you have seen.
                   A       B       C       D       E      F
               +-------+-------+-------+-------+-------+----------------------
         Total | 100.0 | 100.0 |   N/A |   N/A | 100.0 |  63.4
       Dungeon | 100.0 | 100.0 |   N/A |   N/A | 100.0 |  79.2
               +-------+-------+-------+-------+-------+----------------------

Table legend: (Time is in decaauts)
 A = Elapsed time spent in this place.
 B = Non-inter-level travel time spent in this place.
 C = Inter-level travel time spent in this place.
 D = Time resting spent in this place.
 E = Time spent auto-exploring this place.
 F = Levels seen in this place.
 G = Mean time per level.
                   A        B        C        D        E       F      G
               +--------+--------+--------+--------+--------+-----+--------+
         Total |   3005 |   2918 |     87 |    228 |   2207 |   5 |  601.0 |
       Dungeon |   2846 |   2759 |     87 |    228 |   2090 |   4 |  711.5 |
         Abyss |    159 |    159 |      0 |      0 |    117 |   1 |  159.0 |
               +--------+--------+--------+--------+--------+-----+--------+

Top non-repeatable levels by time:
     D:2: 996 daAuts
     D:3: 891 daAuts
     D:1: 854 daAuts
 Abyss:1: 159 daAuts
     D:4: 103 daAuts
